 Dungeon Crawl Stone Soup version 0.24.0-13-gcf9b319 (webtiles) character file.

Game seed: 401905225984995060, levelgen mode: deterministic

124 Bronimir the Conjurer (level 5, -1/28 HPs)
             Began as a Tengu Conjurer on Mar 13, 2020.
             Slain by a slave (8 damage)
             ... led by Pikel
             ... on level 3 of the Dungeon.
             The game lasted 00:07:00 (2916 turns).

Bronimir the Conjurer (Tengu Conjurer)              Turns: 2916, Time: 00:07:00

Health: -1/28      AC:  4    Str:  8    XL:     5   Next: 8%
Magic:  1/9        EV: 13    Int: 17    God:
Gold:   52         SH:  0    Dex: 19    Spells: 1/8 levels left

rFire    . . .     SeeInvis .   b - staff of wizardry
rCold    . . .     Gourm    .   (no shield)
rNeg     . . .     Faith    +   j - +0 leather armour
rPois    .         Spirit   .   (helmet restricted)
rElec    .         Reflect  .   (no cloak)
rCorr    .         Harm     .   (no gloves)
MR       .....                  (boots unavailable)
Stlth    ++........             n - amulet of faith
HPRegen  0.09/turn              h - +1 ring of protection
MPRegen  0.11/turn              t - +5 ring of dexterity

@: no status effects
A: beak, talons 3, able to fly
a: Fly


You were on level 3 of the Dungeon.
You were hungry.

You visited 1 branch of the dungeon, and saw 4 of its levels.

You collected 142 gold pieces.
You spent 90 gold pieces at shops.

Inventory:

Hand Weapons
 a - a +0 whip of electrocution
 s - a +3 dagger
Missiles
 d - 43 stones
 r - 25 poisoned darts (quivered)
 v - 12 bolts
 x - 19 arrows
 A - 18 sling bullets
Armour
 j - a +0 leather armour (worn)
 l - a +0 ring mail
 p - a +0 robe
Magical Staves
 b - an uncursed staff of wizardry (weapon)
Jewellery
 h - a +1 ring of protection (left hand)
 n - an amulet of faith (around neck)
 t - a +5 ring of dexterity (right hand)
Wands
 w - a wand of paralysis (6)
Scrolls
 e - 2 scrolls of teleportation {unknown}
 g - a scroll of identify {unknown}
 u - 3 scrolls of remove curse {unknown}
 y - a scroll of noise {unknown}
 z - a scroll of enchant weapon {unknown}
Potions
 f - 2 potions of brilliance {unknown}
 i - a potion of mutation {unknown}
 k - a potion of flight {unknown}
 m - 3 potions of degeneration {unknown}
 o - 3 potions of curing
 q - a potion of agility {unknown}
Comestibles
 c - 7 rations


   Skills:
 + Level 0.9 Fighting
 * Level 1.3 Armour
 + Level 2.7 Dodging
 - Level 2.0 Stealth
 + Level 2.3 Spellcasting
 * Level 7.2 Conjurations


You had one spell level left.
You knew the following spells:

 Your Spells              Type           Power        Failure   Level  Hunger
a - Magic Dart            Conj           ####         1%          1    #......
b - Searing Ray           Conj           ####..       1%          2    ###....
c - Iskenderun's Mystic   Conj           ####....     6%          4    #####..

Your spell library contained the following spells:

 Spells                   Type           Power        Failure   Level  Hunger
 Dazzling Spray           Conj/Hex       ##....       8%          3    ###....
 Force Lance              Conj/Tloc      ##......     24%         4    #####..
 Fulminant Prism          Conj/Hex       ##........   24%         4    #####..


Dungeon Overview and Level Annotations

Branches:
Dungeon (4/15)
 Temple: D:4-7

Altars:
Hepliaklqana
Zin

Annotations:
D:4 Pikel


Innate Abilities, Weirdness & Mutations

You have a beak for a mouth.
You have claws for feet.
You can fly continuously.


Message History

Okay, then.
Casting: Magic Dart (safe; 1% risk of failure)
Confirm with . or Enter, or press ? or * to list all spells.
Aiming: Searing Ray (safe; 1% risk of failure)
Press: ? - help, Shift-Dir - straight line, f/p - slave
Aim: a slave (lightly wounded)
The searing ray hits the slave but does no damage.
The slave is lightly wounded. (Press . to maintain the ray.)
The slave hits you.
* * * LOW HITPOINT WARNING * * *
The searing ray hits the slave.
The slave is lightly wounded.
The slave misses you.
The searing ray misses the slave.
The slave closely misses you.
The searing ray hits the slave!
The slave is heavily wounded.
You finish channeling your searing ray.
The slave misses you. The slave hits you!
You die...

#............
#...........#
#.......####.
#.......####.
######..........#.
#<................
#.................
#................#
#@...............#
#p...............#
#.................
#.................
#.............##..
#########.#...##..
#.#...##..
#.##......
#.##..#...


You could see a slave.

Vanquished Creatures
  An iguana (D:3)
  3 adders (D:2)
  2 worms
  A dart slug (D:2)
  2 leopard geckos
  4 orcs (D:3)
  4 giant cockroaches
  6 goblins
  5 hobgoblins
  2 jackals (D:3)
  6 kobolds
  2 ball pythons
  8 bats
  6 frilled lizards
  7 rats
59 creatures vanquished.

Notes
Turn   | Place    | Note
-------+----------+-------------------------------------------
     0 | D:1      | Bronimir the Tengu Conjurer began the quest for the Orb.
     0 | D:1      | Reached XP level 1. HP: 10/10 MP: 4/4
   217 | D:1      | Reached XP level 2. HP: 15/15 MP: 4/6
   221 | D:1      | Learned a level 2 spell: Searing Ray
   552 | D:1      | Reached skill level 6 in Conjurations
  1358 | D:2      | Found Zin's Purification Station.
  1360 | D:2      | Found a glowing silver altar of Zin.
  1365 | D:2      | Bought a potion of curing for 90 gold pieces
  1368 | D:2      | Reached XP level 3. HP: 19/19 MP: 3/7
  1520 | D:2      | Found a hazy altar of Hepliaklqana.
  1951 | D:2      | Reached XP level 4. HP: 24/24 MP: 6/8
  2025 | D:2      | Reached skill level 1 in Armour
  2280 | D:3      | Reached skill level 7 in Conjurations
  2546 | D:3      | Gained mutation: You can fly continuously. [Tengu growth]
  2546 | D:3      | Reached XP level 5. HP: 28/28 MP: 4/9
  2851 | D:3      | Learned a level 4 spell: Iskenderun's Mystic Blast
  2905 | D:4      | Noticed Pikel
  2905 | D:4      | Noticed a slave
  2905 | D:4      | Noticed a slave
  2905 | D:4      | Noticed a slave
  2906 | D:4      | Noticed a slave
  2916 | D:3      | Slain by a slave

Levels and vault maps discovered:
D:1:      dpeg_arrival_snail, layout_basic
D:2:      layout_rooms, zin_purify, nicolae_overflow_crystal_walls,
          hangedman_feature_mirror, chequers_hall_statues_y,
          minmay_misc_feat_plants
D:3:      layout_rooms, minivault_24
D:4:      layout_layer_cave, serial_shops, shop, first_ration, uniq_pikel

Skill      XL: |  1  2  3  4 |
---------------+-------------+-----
Conjurations   | 6 7 |  7.2
Armour         | 1 |  1.3
Fighting       | |  0.9
Dodging        | |  2.7
Stealth        | |  2.0
Spellcasting   | |  2.3

Action                   |  1- 3 |  4- 6 || total
-------------------------+-------+-------++-------
Melee: Whip              |     2 |       ||     2
 Cast: Magic Dart        |    56 |    49 ||   105
       Searing Ray       |     1 |     3 ||     4
  Eat: Chunk             |     4 |     3 ||     7
Armor: Robe              |     1 |       ||     1
       Leather armour    |     5 |     2 ||     7
Dodge: Dodged            |     7 |     7 ||    14
